 Dungeon Crawl Stone Soup version 0.29-a0-1016-g236c7fd91e (webtiles) character file.

Game seed: 6232441323456083933

1827 flotson the Trooper (level 8, -15/54 (62) HPs)
             Began as a Demonspawn Delver on Aug 9, 2022.
             Demolished by a wight
             ... wielding a +0 great sword
              (16 damage)
             ... on level 6 of the Dungeon.
             The game lasted 00:10:08 (7063 turns).

flotson the Trooper (Demonspawn Delver)             Turns: 7063, Time: 00:10:08

HP:   -15/54 (62)   AC:  6    Str: 16    XL:     8   Next: 86%
MP:   21/21         EV: 15    Int: 17    God:
Gold: 274           SH:  5    Dex: 14    Spells: 3/13 levels left

rFire   . . .      SeeInvis .   a - +3 whip (drain)
rCold   . . .      Faith    .   (no shield)
rNeg    . . .      Spirit   .   q - +0 scale mail
rPois   .          Reflect  +   (no helmet)
rElec   .          Harm     .   (no cloak)
rCorr   .          Rampage  .   (no gloves)
Will    .....                   (no boots)
Stlth   +.........              G - amulet of reflection
HPRegen 0.18/turn               o - +6 ring of intelligence
MPRegen 0.34/turn               x - ring of magical power

@: heavily drained, repel missiles
A: repulsion field 3, magic regeneration, weakness stinger 1
a: no special abilities


You were on level 6 of the Dungeon.
You visited 1 branch of the dungeon, and saw 6 of its levels.

You collected 274 gold pieces.

Inventory:

Hand Weapons
 a - a +3 whip of draining (weapon)
Missiles
 i - 8 boomerangs (quivered)
 B - 5 silver javelins
Armour
 q - a +0 scale mail (worn)
Jewellery
 o - a +6 ring of intelligence (left hand)
 x - a ring of magical power (right hand)
 z - a ring of fire
 E - an amulet of magic regeneration
 G - an amulet of reflection (around neck)
Wands
 g - a wand of digging (3)
 C - a wand of roots (14)
 F - a wand of flame (8)
Scrolls
 b - 4 scrolls of enchant armour {unknown}
 c - a scroll of fog
 d - 2 scrolls of magic mapping
 e - 3 scrolls of fear
 j - 2 scrolls of noise {unknown}
 l - 4 scrolls of teleportation
 m - 7 scrolls of identify {unknown}
 p - 2 scrolls of torment {unknown}
 y - a scroll of immolation {unknown}
Potions
 f - 2 potions of haste
 h - 7 potions of curing
 k - a potion of attraction
 n - a potion of might {unknown}
 r - 3 potions of magic {unknown}
 s - a potion of heal wounds {unknown}
 t - 4 potions of cancellation {unknown}
 u - a potion of flight {unknown}
 v - a potion of lignification {unknown}
 w - a potion of brilliance {unknown}
 A - a potion of berserk rage {unknown}
 D - a potion of degeneration {unknown}
 H - a potion of resistance {unknown}


   Skills:
 + Level 5.2 Fighting
 + Level 3.1 Maces & Flails
 - Level 1.7 Polearms
 + Level 3.7 Throwing
 + Level 3.5 Armour
 + Level 4.2 Dodging
 - Level 4.5 Stealth
 + Level 3.0 Spellcasting
 + Level 3.0 Translocations
 + Level 3.9 Evocations


You had 3 spell levels left.
You knew the following spells:

 Your Spells              Type           Power      Damage    Failure   Level
a - Blink                 Tloc           24%        N/A       26%         2
b - Lesser Beckoning      Tloc           12%        N/A       45%         3
c - Manifold Assault      Tloc           12%        N/A       99%         5

Your spell library contained the following spells:

 Spells                   Type           Power      Damage    Failure   Level
 Necrotise                Necr           8%         1d4       52%         1
 Vampiric Draining        Necr           2%         2d6       87%         3
 Agony                    Necr           2%         N/A       100%        5
 Storm Form               Tmut/Air       1%         N/A       100%        7


Dungeon Overview and Level Annotations

Branches:
Dungeon (6/15)
 Temple: D:4-7

Altars:


Innate Abilities, Weirdness & Mutations

You are surrounded by a strong repulsion field. (EV +4, RMsl)
You regenerate magic rapidly.
You have a small tail.


Message History

The wight is almost destroyed.
You block the wight's attack. The wight closely misses you.
You completely miss the wight.
The wight is almost destroyed.
You block the wight's attack. The wight barely misses you.
You hit the wight but do no damage.
You tail-slap the wight, but do no damage.
The wight is almost destroyed.
You closely miss the wight.
You tail-slap the wight, but do no damage.
The wight is almost destroyed.
The wight barely misses you. You block the wight's attack.
You closely miss the wight. You punch the wight, but do no damage.
The wight is almost destroyed.
You block the wight's attack. The wight closely misses you.
You hit the wight.
Your tail-slap misses the wight.
The wight is almost destroyed.
The wight hits you with a +1 falchion!
You feel drained.
The wight hits you with a +0 great sword!
You barely miss the wight.
Your tail-slap misses the wight.
The wight is almost destroyed.
The wight hits you with a +1 falchion.
The wight hits you with a +0 great sword!
You are too injured to fight recklessly!
You are too injured to fight recklessly!
You are too injured to fight recklessly!
You are too injured to fight recklessly!
You are too injured to fight recklessly!
You are too injured to fight recklessly!
You are too injured to fight recklessly!
You hit the wight but do no damage.
The wight is almost destroyed.
You block the wight's attack.
The wight hits you with a +0 great sword!
* * * LOW HITPOINT WARNING * * *
You feel drained.
* * * LOW HITPOINT WARNING * * *
The wight attacks as you move away!
The wight hits you with a +0 great sword!
You die...

#.........####....#
#......#....#..#..#
#..........)..###.#
########........#.###
# ##.##.........# #
##..##.##..#...###
#..###.###.##..#..
##.## #.###........
#z@# #.##....##.##
#z## #....##......
... ##..#######..
....#######...# #..
#..... #......#.# ##.
#........######.# #.
#.....#### #.# #.
#.... #.# #. ... #.#
#.


You could see 2 wights.

Vanquished Creatures
  Sigmund (D:3)
  A water moccasin (D:6)
  3 ice beasts
  Duvessa (D:6)
  An orc warrior (D:6)
  An ogre (D:6)
  2 necrophages
  3 scorpions
  Dowan (D:6)
  A howler monkey (D:5)
  2 hounds (D:6)
  3 orc priests
  5 iguanas
  5 orc wizards
  Natasha (twice) (D:2)
  5 gnolls
  5 adders
  An ufetubus (D:5)
  2 worms
  4 dart slugs
  20 orcs
  2 ball pythons
  4 bats
  6 endoplasms
  5 giant cockroaches
  4 hobgoblins
  4 jackals
  6 quokkas
  3 frilled lizards (D:1)
  3 goblins
  2 kobolds
  2 rats
110 creatures vanquished.

Vanquished Creatures (others)
  An adder (D:6)
1 creature vanquished.

Grand Total: 111 creatures vanquished

Notes
Turn   | Place    | Note
-------+----------+-------------------------------------------
     0 | D:5      | flotson the Demonspawn Delver began the quest for the Orb.
     0 | D:5      | Reached XP level 1. HP: 18/18 MP: 1/1
     2 | D:5      | Noticed an ice beast
    58 | D:4      | Noticed an orc priest
   228 | D:4      | Noticed a scorpion
   350 | D:4      | Gained mutation: You are surrounded by a mild repulsion
                  | field. (EV +2) [demonic ancestry]
   350 | D:4      | Reached XP level 2. HP: 17/24 MP: 2/2
   664 | D:4      | Reached skill level 1 in Throwing
   664 | D:4      | Reached skill level 1 in Armour
   664 | D:4      | Reached skill level 1 in Evocations
   664 | D:4      | Gained mutation: You are surrounded by a moderate repulsion
                  | field. (EV +3) [demonic ancestry]
   664 | D:4      | Reached XP level 3. HP: 18/29 MP: 3/3
  1221 | D:2      | Noticed Natasha
  1240 | D:1      | Gained mutation: You have a small tail. [demonic ancestry]
  1240 | D:1      | Reached XP level 4. HP: 35/35 MP: 4/4
  1962 | D:1      | Found a faded altar of an unknown god.
  2385 | D:2      | Gained mutation: You regenerate magic rapidly. [demonic
                  | ancestry]
  2385 | D:2      | Reached XP level 5. HP: 25/39 MP: 5/5
  2679 | D:2      | Killed Natasha
  2818 | D:2      | Learned a level 2 spell: Blink
  3045 | D:2      | Noticed Natasha
  3051 | D:2      | Killed Natasha
  3303 | D:3      | Noticed Sigmund
  3320 | D:3      | Killed Sigmund
  3321 | D:3      | Reached skill level 4 in Fighting
  3321 | D:3      | Reached skill level 1 in Maces & Flails
  3321 | D:3      | Reached XP level 6. HP: 24/48 MP: 7/7
  3856 | D:4      | Learned a level 3 spell: Lesser Beckoning
  4115 | D:3      | Reached skill level 1 in Spellcasting
  4115 | D:3      | Reached skill level 1 in Translocations
  4406 | D:4      | Gained mutation: You are surrounded by a strong repulsion
                  | field. (EV +4, RMsl) [demonic ancestry]
  4406 | D:4      | Reached XP level 7. HP: 49/54 MP: 9/9
  5612 | D:6      | Reached XP level 8. HP: 58/61 MP: 11/11
  5669 | D:6      | Learned a level 5 spell: Manifold Assault
  5685 | D:6      | Noticed Duvessa
  5687 | D:6      | Noticed Dowan
  5696 | D:6      | Killed Duvessa
  5709 | D:6      | Killed Dowan
  6159 | D:6      | Reached skill level 5 in Fighting
  7062 | D:6      | HP: 1/54 [wight/+0 great sword (2)]
  7063 | D:6      | Demolished by a wight

Illustrated notes

Levels and vault maps discovered:
D:1:      dpeg_arrival_rooms_with_view, layout_basic,
          chequers_ecumenical_altar_grove
D:2:      layout_basic, uniq_natasha
D:3:      layout_rooms, uniq_sigmund
D:4:      layout_basic
D:5:      layout_rooms
D:6:      layout_rooms, mainiacjoe_overflow_paths, uniq_duvessa

Skill      XL: |  1  2  3  4  5  6  7  8 |
---------------+-------------------------+-----
Dodging        | 2 3 4 |  4.2
Throwing       | 1 2 3 |  3.7
Armour         | 1 2 3 |  3.5
Evocations     | 1 2 3 |  3.9
Fighting       | 4 5 |  5.2
Maces & Flails | 1 2 3 |  3.1
Spellcasting   | 1 2 3 |  3.0
Translocations | 1 2 3 |  3.0
Polearms       | |  1.7
Stealth        | |  4.5

Action                   |  1- 3 |  4- 6 |  7- 9 || total
-------------------------+-------+-------+-------++-------
Melee: Spear             |    95 |       |       ||    95
       Quarterstaff      |    17 |    59 |       ||    76
       Whip              |       |    86 |   228 ||   314
       Tailslap          |       |    19 |    29 ||    48
       Punch             |       |       |     3 ||     3
Throw: Boomerang         |       |       |     4 ||     4
 Cast: Blink             |       |       |     1 ||     1
  Use: Potion            |     1 |       |       ||     1
       Scroll            |       |       |     2 ||     2
 Stab: Distracted        |     1 |       |       ||     1
       Sleeping          |     3 |       |     1 ||     4
Armor: Leather armour    |    20 |       |       ||    20
       Scale mail        |       |    45 |    62 ||   107
Dodge: Dodged            |    64 |   101 |   189 ||   354
Block: Other             |       |       |    17 ||    17

Table legend: (Time is in decaauts)
 A = Elapsed time spent in this place.
 B = Non-inter-level travel time spent in this place.
 C = Inter-level travel time spent in this place.
 D = Time resting spent in this place.
 E = Time spent auto-exploring this place.
 F = Levels seen in this place.
 G = Mean time per level.
                   A        B        C        D        E       F      G
               +--------+--------+--------+--------+--------+-----+--------+
         Total |   7093 |   6899 |    194 |    825 |   4842 |   6 | 1182.2 |
       Dungeon |   7093 |   6899 |    194 |    825 |   4842 |   6 | 1182.2 |
               +--------+--------+--------+--------+--------+-----+--------+

Top non-repeatable levels by time:
     D:4: 1608 daAuts
     D:6: 1494 daAuts
     D:2: 1165 daAuts
     D:1: 1114 daAuts
     D:3: 1015 daAuts
     D:5: 695 daAuts
